 Dungeon Crawl Stone Soup version 0.27-a0-394-g49c82dfaf2 (webtiles) character file.

Game seed: 15701194663426677913

2403 HoaS the Fighter (level 9, -7/46 HPs)
             Began as a Felid Monk on Feb 20, 2021.
             Was an Elder of Makhleb.
             Killed from afar by an efreet (28 damage)
             ... with a fireball
             ... on level 8 of the Dungeon.
             The game lasted 00:20:08 (7880 turns).

HoaS the Fighter (Felid Monk)                       Turns: 7880, Time: 00:20:09

Health: -7/46      AC:  2    Str:  7    XL:     9   Next: 23%
Magic:  10/10      EV: 33    Int: 14    God:    Makhleb [****..]
Gold:   416        SH:  5    Dex: 32    Spells: 8/8 levels left
                                        Lives:  0   Deaths: 2

rFire    . . .     SeeInvis +     - Unarmed
rCold    . . .     Faith    .   (shield unavailable)
rNeg     . . .     Spirit   .   (armour unavailable)
rPois    .         Reflect  +   (helmet unavailable)
rElec    .         Harm     .   (cloak unavailable)
rCorr    .         Rampage  .   (gloves unavailable)
Will     ++...                  (boots unavailable)
Stlth    +++++.....             o - amulet of Peace {Reflect Int+3 Dex+4 SH+5 Stlth+}
HPRegen  0.15/turn              g - ring of willpower
MPRegen  0.12/turn              k - +6 ring of dexterity

@: quick
A: very small, no armour, no weapons or thrown items, stealth, claws 1, fangs 3,
see invisible, speed 1, shaggy fur 2, sharp paws
a: Renounce Religion, Minor Destruction, Lesser Servant of Makhleb, Major
Destruction


You were on level 8 of the Dungeon.
You worshipped Makhleb.
Makhleb was greatly pleased with you.
You visited 1 branch of the dungeon, and saw 8 of its levels.

You collected 416 gold pieces.

Inventory:

Jewellery
 g - a ring of willpower (left paw)
 k - a +6 ring of dexterity (right paw)
 o - the amulet of Peace (around neck) {Reflect Int+3 Dex+4 SH+5 Stlth+}
   (You acquired it on level 6 of the Dungeon)

   [amulet of reflection]

   It shields you and reflects attacks.
   It affects your intelligence (+3).
   It affects your dexterity (+4).
   It affects your SH (+5).
   It makes you more stealthy.
Wands
 f - a wand of mindburst (19)
 m - a wand of iceblast (8)
 r - a wand of flame (13)
Scrolls
 l - a scroll of identify
 p - a scroll of fear
 q - a scroll of amnesia
 t - a scroll of teleportation
Potions
 a - 2 potions of might
 b - 3 potions of lignification
 c - 2 potions of magic
 d - 5 potions of curing
 e - 3 potions of ambrosia
 h - a potion of haste {unknown}
 i - 3 potions of mutation
 j - a potion of cancellation {unknown}
 n - a potion of attraction {unknown}
 s - a potion of flight {unknown}
 u - a potion of brilliance {unknown}


   Skills:
 * Level 9.6 Fighting
 + Level 9.2 Dodging
 - Level 2.6 Stealth
 * Level 9.5 Unarmed Combat


You had 8 spell levels left.
You didn't know any spells.
Your spell library contained the following spells:

 Spells                   Type           Power        Failure   Level
 Corona                   Hex            0%           28%         1
 Ensorcelled Hibernation  Hex/Ice        0%           41%         2
 Confusing Touch          Hex            0%           65%         3
 Dazzling Flash           Conj/Hex       0%           65%         3
 Tukima's Dance           Hex            0%           65%         3


Dungeon Overview and Level Annotations

Branches:
Dungeon (8/15)             Temple (0/1) D:7
   Lair: D:8-11

Altars:
Ashenzari
Cheibriados
Dithmenos
Elyvilon
Fedhas
Gozag
Kikubaaqudgha
Makhleb
Nemelex Xobeh
Qazlal
Wu Jian
Xom
Yredelemnul

Shops:
D:5 :   D:7 [?[*


Innate Abilities, Weirdness & Mutations

You cannot wear armour.
You are incapable of wielding weapons or throwing items.
Your paws allow you to move quietly. (Stealth)
You have sharp claws.
You have razor-sharp teeth.
You have supernaturally acute eyesight. (SInv)
You cover ground quickly.
You are covered in thick fur. (AC +2)
Your sharp claws are effective at attacking unaware monsters.


Message History

You claw the efreet!
The efreet is moderately wounded.
You block the efreet's attack.
You scratch the efreet but do no damage.
The efreet is moderately wounded.
The efreet barely misses you.
You scratch the efreet. You bite the efreet, but do no damage.
The efreet is heavily wounded.
You scratch the efreet but do no damage.
The efreet is heavily wounded.
The efreet completely misses you.
You scratch the efreet but do no damage.
The efreet is heavily wounded.
The efreet hits you with a +1 scimitar of flaming!
The efreet burns you.
You scratch the efreet but do no damage.
You bite the efreet, but do no damage.
The efreet is heavily wounded.
A hornet comes into view.
You scratch the efreet.
The efreet is heavily wounded.
The efreet gestures at you.
The fireball explodes!
The fireball engulfs you!
The fireball engulfs the efreet.
The efreet completely resists.
The orc knight shouts!
You hear an angry hiss.
You hear a shout! x3
You hear an angry growl.
You hear a shout!
You scratch the efreet. Your bite misses the efreet.
The efreet is severely wounded.
The efreet completely misses you.
You scratch the efreet but do no damage.
The efreet is severely wounded.
The efreet completely misses you.
You scratch the efreet. You bite the efreet, but do no damage.
The efreet is severely wounded.
You barely miss the efreet. Your bite misses the efreet.
The efreet is severely wounded.
The efreet gestures at you.
The fireball explodes!
The fireball engulfs you!!
Ouch! That really hurt!
You die...

.# ... .. #. ###.##
... [ #. #....##....
#o.Y##.##..##.#..#
#T.☼.....#....#
#W.R##.##o##..# : #.
##.y..# # # ##.
##R### ## . .
.######@.## .## #.#
###..####)##
..####.####.##..###.#
..?#.....#.#####.##.#
####.###.#.##..#.#.##
....#...#.## #.##.#
####.###.## #.#..##
...#...).# #.####
..####.### ##


You could see an orc knight, an efreet and a hornet.

Vanquished Creatures
  6 yaks
  Sigmund (D:2)
  A wraith (D:8)
  Menkaure (D:6)
  Edmund (D:4)
  An orc warrior (D:8)
  2 sky beasts (D:7)
  A centaur (D:8)
  An ice beast (D:6)
  A necrophage (D:8)
  3 ogres
  4 bullfrogs
  2 scorpions
  3 killer bees (D:7)
  2 howler monkeys (D:6)
  A centaur zombie (D:5)
  2 quasits (D:8)
  4 jellies
  An orc priest (D:4)
  A hound (D:7)
  A bullfrog skeleton (D:7)
  A centaur skeleton (D:6)
  Natasha (D:3)
  3 iguanas (D:7)
  5 worker ants
  An orc wizard (D:3)
  A worker ant zombie (D:5)
  7 gnolls (D:4)
  A howler monkey skeleton (D:8)
  19 adders
  A shadow imp (D:2)
  A white imp (D:5)
  5 worms
  2 dart slugs
  7 leopard geckos
  25 orcs
  7 bats
  3 giant cockroaches
  7 goblins
  7 hobgoblins
  11 jackals
  4 quokkas
  4 frilled lizards
  A jackal skeleton (D:4)
  8 kobolds
  9 rats
  A spectral orc (D:6)
182 creatures vanquished.

Vanquished Creatures (others)
  3 fungi (D:6)
  5 plants (D:6)
8 creatures vanquished.

Grand Total: 190 creatures vanquished

Notes
Turn   | Place    | Note
-------+----------+-------------------------------------------
     0 | D:1      | HoaS the Felid Monk began the quest for the Orb.
     0 | D:1      | Reached XP level 1. HP: 10/10 MP: 2/2
   278 | D:1      | Reached XP level 2. HP: 14/14 MP: 3/3
  1175 | D:1      | Reached XP level 3. HP: 13/17 MP: 4/4
  1332 | D:2      | Noticed Sigmund
  1350 | D:2      | Killed Sigmund
  1351 | D:2      | Reached skill level 5 in Dodging
  1351 | D:2      | Reached XP level 4. HP: 2/22 MP: 5/5
  1351 | D:2      | Reached XP level 5. HP: 2/25 MP: 6/6
  1677 | D:2      | Found a snail-covered altar of Cheibriados.
  1786 | D:2      | Found a burning altar of Makhleb.
  1794 | D:2      | Became a worshipper of Makhleb the Destroyer
  1794 | D:2      | Reached * piety under Makhleb
  1794 | D:2      | Reached ** piety under Makhleb
  1957 | D:2      | Noticed an ogre
  2007 | D:2      | Killed an ogre
  2008 | D:2      | Reached skill level 5 in Fighting
  2008 | D:2      | Gained mutation: You are covered in thick fur. (AC +2)
                  | [Felid growth]
  2008 | D:2      | Reached XP level 6. HP: 30/30 MP: 7/7
  2022 | D:2      | Reached skill level 5 in Unarmed Combat
  2082 | D:2      | Found a shimmering altar of Xom.
  2084 | D:2      | Found a glowing golden altar of the Shining One.
  2084 | D:2      | Found a shadowy altar of Dithmenos.
  2086 | D:2      | Found an opulent altar of Gozag.
  2086 | D:2      | Found a white marble altar of Elyvilon.
  2086 | D:2      | Found a snail-covered altar of Cheibriados.
  2523 | D:3      | Noticed Natasha
  2538 | D:3      | Killed Natasha
  2634 | D:3      | Found an opulent altar of Gozag.
  2697 | D:3      | Found an ornate altar of the Wu Jian Council.
  3038 | D:3      | Found a broken altar of Ashenzari.
  3338 | D:4      | Reached XP level 7. HP: 33/33 MP: 8/8
  3764 | D:4      | Reached *** piety under Makhleb
  4250 | D:4      | Noticed Edmund
  4282 | D:4      | Killed Edmund
  4891 | D:5      | Entered Level 5 of the Dungeon
  4950 | D:5      | Reached XP level 8. HP: 39/39 MP: 9/9
  4993 | D:5      | Slain by an ogre
  4994 | D:5      | Reached XP level 7. HP: -1/35 MP: 8/8
  5214 | D:5      | Found a stormy altar of Qazlal.
  5216 | D:5      | Found an ancient bone altar of Kikubaaqudgha.
  5268 | D:5      | Found Tiatraed's Book Boutique.
  5306 | D:5      | Found a shimmering altar of Xom.
  5307 | D:5      | Found a white marble altar of Elyvilon.
  5664 | D:6      | Found a blossoming altar of Fedhas.
  6146 | D:6      | Identified a scroll of acquirement
  6146 | D:6      | Acquired the amulet of Peace {Reflect Int+3 Dex+4 SH+5
                  | Stlth+}
  6234 | D:6      | Found a blossoming altar of Fedhas.
  6237 | D:6      | Noticed Menkaure
  6248 | D:6      | Killed Menkaure
  6249 | D:6      | Reached XP level 8. HP: 22/40 MP: 9/9
  6522 | D:6      | Reached **** piety under Makhleb
  6558 | D:6      | Mangled by a yak
  6559 | D:6      | Reached XP level 7. HP: -11/37 MP: 8/8
  6587 | D:6      | Killed a yak
  6588 | D:6      | Reached XP level 8. HP: 41/41 MP: 9/9
  6617 | D:6      | Found a sparkling altar of Nemelex Xobeh.
  6822 | D:6      | Found a basalt altar of Yredelemnul.
  7047 | D:7      | Found Otuuxu's Magic Scroll Shop.
  7088 | D:7      | Found Sowkir's Antique Armour Boutique.
  7089 | D:7      | Found Dievaej's Armour Shoppe.
  7176 | D:7      | Found Wuasatrovauv's Assorted Antiques.
  7411 | D:7      | Found a staircase to the Ecumenical Temple.
  7780 | D:8      | Reached XP level 9. HP: 43/45 MP: 10/10
  7810 | D:8      | Noticed an orc knight
  7810 | D:8      | Noticed a troll
  7810 | D:8      | Noticed an efreet
  7880 | D:8      | Killed from afar by an efreet

Illustrated notes

Levels and vault maps discovered:
D:1:      co_arrival_square_in_a_square_in_a_square, layout_basic
D:2:      layout_rooms, makhleb_grotto_becter, cheibriados_altar_1,
          doesnt_xom_only_xom, uniq_sigmund
D:3:      layout_rooms, general_overflow_altar, marbit_many_paths,
          nzn_wu_jian_contemplation, minmay_checkerbox, uniq_natasha
D:4:      layout_basic, uniq_edmund
D:5:      layout_rooms, nicolae_overflow_hidden_temple,
          gammafunk_temple_overflow_pools, serial_shops, kennysheep_little_box
D:6:      layout_layer_cave, yredelemnul_forgotten_temple_becter,
          nemelex_xobeh_ov_fountains_minmay, kennysheep_mini_moat,
          fedhas_altar_3, uniq_menkaure
D:7:      layout_rooms, minmay_temple_entry_nine_rooms, serial_shops,
          nicolae_shop_crystal, shop_statue, shop, shop
D:8:      minmay_the_grid_octo_tiled_octocenter [minmay_the_grid_octo_clover_2,
          minmay_the_grid_octo_pinwheel, minmay_the_grid_octo_fan_narrow,
          minmay_the_grid_octo_clover,
          minmay_the_grid_octo_prize_square_snowflake,
          minmay_the_grid_square_5x5_plus, minmay_the_grid_square_5x5_inner_z,
          minmay_the_grid_square_5x5_sharp_hourglass,
          minmay_the_grid_square_5x5_forky], layout_layer_cave, enter_ossuary_3

Skill      XL: |  1  2  3  4  5  6  7  8 |
---------------+-------------------------+-----
Fighting       | 4 5 7 9 |  9.6
Dodging        | 5 7 9 |  9.2
Unarmed Combat | 4 5 7 9 |  9.5
Stealth        | |  2.6

Action                   |  1- 3 |  4- 6 |  7- 9 || total
-------------------------+-------+-------+-------++-------
Melee: Unarmed           |    85 |   209 |   420 ||   714
       Bite              |    12 |    19 |    59 ||    90
       Punch             |       |     8 |    27 ||    35
  Use: Scroll            |     4 |     3 |    11 ||    18
       Potion            |       |       |     1 ||     1
 Stab: Sleeping          |     4 |    10 |    20 ||    34
       Distracted        |       |       |     4 ||     4
Armor: Skin              |     2 |     4 |    12 ||    18
Dodge: Dodged            |    61 |   162 |   291 ||   514
Block: Other             |       |       |    26 ||    26

Table legend: (Time is in decaauts)
 A = Elapsed time spent in this place.
 B = Non-inter-level travel time spent in this place.
 C = Inter-level travel time spent in this place.
 D = Time resting spent in this place.
 E = Time spent auto-exploring this place.
 F = Levels seen in this place.
 G = Mean time per level.
                   A        B        C        D        E       F      G
               +--------+--------+--------+--------+--------+-----+--------+
         Total |   6862 |   6762 |    100 |   2300 |   2887 |   8 |  857.8 |
       Dungeon |   6862 |   6762 |    100 |   2300 |   2887 |   8 |  857.8 |
               +--------+--------+--------+--------+--------+-----+--------+

Top non-repeatable levels by time:
     D:4: 1484 daAuts
     D:6: 1395 daAuts
     D:1: 1236 daAuts
     D:2: 965 daAuts
     D:3: 611 daAuts
     D:7: 488 daAuts
     D:5: 457 daAuts
     D:8: 222 daAuts
